 Dungeon Sprint DCSS version 0.24.0-125-gc4c63601f3 (webtiles) character file.

Game seed: 18266472418554608120, levelgen mode: deterministic

26238 Ponchio the Eclecticist (level 17, -1/102 HPs)
             Began as a Deep Elf Earth Elementalist on Mar 12, 2020.
             Was the Champion of Vehumet.
             Blown up by an eye of devastation (37 damage)
             ... with a bolt of energy
             ... in the Dungeon (Sprint VI: "Thunderdome") on Mar 16, 2020.
             The game lasted 02:13:16 (3409 turns).

Ponchio the Eclecticist (DEEE)                      Turns: 3409, Time: 02:13:17

Health: -1/102     AC:  7    Str:  5    XL:     17   Next: 55%
Magic:  27/52      EV: 40    Int: 37    God:    Vehumet [******]
Gold:   2708       SH: 12    Dex: 18    Spells: 16/57 levels left

rFire    + + +     SeeInvis .   e - staff of earth
rCold    . . .     Gourm    .   p - +0 shield of Valiance {rF++ MR+ Int+3 Dex-4}
rNeg     + + .     Faith    .   c - +0 robe
rPois    +         Spirit   .   v - +2 helmet "Vyociov" {rN+}
rElec    .         Reflect  .   b - +1 cloak of Ytageol {Dex+3}
rCorr    .         Harm     .   (no gloves)
MR       ++...     NoTele   +   (no boots)
Stlth    ++........             o - amulet "Coelog" {Acrobat rPois rF+ Int+2}
HPRegen  0.27/turn              h - ring "Denwufo" {rN+ Int+4 Dex+4}
MPRegen  0.33/turn              n - ring of Morehy {*Drain rF+ MP+9 EV+1}

@: acrobat
A: no striking features
}: 4/15 runes: decaying, barnacled, elven, silver
a: Renounce Religion


You were in the Dungeon.
You worshipped Vehumet.
Vehumet was exalted by your worship.
You were not hungry.

You visited 1 branch You collected 11050 gold pieces.
You spent 8342 gold pieces at shops.

Inventory:

Armour
 b - the +1 cloak of Ytageol (worn) {Dex+3}
   (You bought it in a shop in the Dungeon)

   It affects your dexterity (+3).
 c - a +0 robe (worn)
 p - the +0 shield of Valiance (worn) {rF++ MR+ Int+3 Dex-4}
   (You bought it in a shop in the Dungeon)

   It affects your intelligence (+3).
   It affects your dexterity (-4).
   It greatly protects you from fire.
   It affects your resistance to hostile enchantments.
 u - the +2 buckler "Ymu Zaf" {SInv}
   (You bought it in a shop in the Dungeon)

   It lets you see invisible.
 v - the +2 helmet "Vyociov" (worn) {rN+}
   (You bought it in a shop in the Dungeon)

   It protects you from negative energy.
Magical Staves
 e - an uncursed staff of earth (weapon)
Jewellery
 h - the ring "Denwufo" (left hand) {rN+ Int+4 Dex+4}
   (You bought it in a shop in the Dungeon)

   [ring of intelligence]

   It affects your intelligence (+4).
   It affects your dexterity (+4).
   It protects you from negative energy.
 n - the ring of Morehy (right hand) {*Drain rF+ MP+9 EV+1}
   (You bought it in a shop in the Dungeon)

   [ring of evasion]

   It affects your evasion (+1).
   It protects you from fire.
   It affects your magic capacity (+9).
   It causes draining when unequipped.
 o - the amulet "Coelog" (around neck) {Acrobat rPois rF+ Int+2}
   (You bought it in a shop in the Dungeon)

   [amulet of the acrobat]

   It helps you evade while moving and waiting.
   It affects your intelligence (+2).
   It protects you from fire.
   It protects you from poison.
 t - the amulet of Ucrorr {Faith SInv, unknown}
   (You found it in the Dungeon)

   [amulet of faith]

   It allows you to gain divine favour quickly.
   It lets you see invisible.
Wands
 k - a wand of acid (18)
 l - a wand of iceblast (5)
 x - a wand of polymorph (6)
Scrolls
 m - 3 scrolls of fog
Potions
 a - a potion of resistance
 f - 6 potions of heal wounds
 g - 10 potions of haste
 i - a potion of berserk rage
 q - 7 potions of curing
 r - 12 potions of magic
Miscellaneous
 d - the horn of Geryon
 j - a quad damage
 s - a quad damage
 w - a quad damage


   Skills:
 - Level 10.2 Fighting
 - Level 14.8 Staves
 + Level 14.8 Dodging
 - Level 2.4 Stealth
 * Level 14.2 Shields
 - Level 20.6 Spellcasting
 - Level 19.6 Conjurations
 - Level 20.1 Summonings
 - Level 1.1 Transmutations
 - Level 20.2 Earth Magic


You had 16 spell levels left.
You knew the following spells:

 Your Spells              Type           Power        Failure   Level  Hunger
a - Spellforged Servitor  Conj/Summ      ########..   1%          7    None
e - Lee's Rapid Deconstr  Erth           ########..   0%          5    None
f - Iron Shot             Conj/Erth      ########..   1%          6    None
g - Statue Form           Tmut/Erth      ########.    1%          6    None
i - Shatter               Erth           ########..   5%          9    #####..
j - Lehudib's Crystal Sp  Conj/Erth      ########..   1%          8    ###....

Your spell library contained the following spells:

 Spells                   Type           Power        Failure   Level  Hunger
 Ignition                 Fire           #####.....   100%        8    ###....
 Tornado                  Air            #####.....   100%        9    #####..
 Sandblast                Erth           ######       0%          1    None
 Passwall                 Tmut/Erth      ########     0%          2    None
 Stone Arrow              Conj/Erth      ######       0%          3    None
 Leda's Liquefaction      Hex/Erth       ########..   1%          4    None
 Petrify                  Tmut/Erth      ########     1%          4    None
 Bolt of Magma            Conj/Fire/Erth ########..   1%          5    None
 Poison Arrow             Conj/Pois      #######...   1%          6    None
 Chain Lightning          Conj/Air       #######...   24%         8    ###....
 Fire Storm               Conj/Fire      #######...   96%         9    #####..
 Glaciate                 Conj/Ice       #######...   96%         9    #####..


Dungeon Overview and Level Annotations

Branches:
Dungeon (1/1)

Altars:
Cheibriados
Dithmenos
Fedhas
Gozag
Kikubaaqudgha
Makhleb
Okawaru
Qazlal
Ru
Sif Muna
Trog
Uskayaw
Vehumet
Wu Jian
Xom
Yredelemnul
Zin
The Shining One
Beogh
Jiyva
Lugonu

Shops:
D *[%??*?*:[((!!!!


Message History

You feel your power returning.
You swap places.
There is a bloodstained altar of Trog here.
There is an iron altar of Okawaru here.
There is a sacrificial altar of Ru here.
There is an entrance to Fimiubaf's Premium Goods here.
j - a quad damage;
s - a quad damage;
w - a quad damage Thank you for shopping at Fimiubaf's Premium Goods!
Evoke which item? (* to show all) (? for menu, Esc to quit)
Okay, then.
You see here a +0 robe.
Things that are here:
a +0 plate armour; a +0 broad axe Your magical contamination has completely faded away.
Things that are here:
a +0 troll leather armour; a +0 ring mail; a +0 mace An eye of devastation comes into view.
The eye of devastation gazes at you. The bolt of energy hits you!!!
You die...

#⌠.2[).[.)...⌠.▓
##.##.....)...[[...#####
∩___).)).......[[..___∩##
...[[.))).#...G))......∩###
..[.)))))[.#..............##
...(..[.#.[...#...[.[.....⌠#
(.[(..)#...<..##[[........⌠#
....)[.)#.....##).....[...⌠#
[)...)....##..[.@[[.......##
......[[..##..8[....)..∩###
∩__....[...##.[..(.___∩##
#####.8...[(......######
#⌠..)(.[[.(([⌠#
###..[....(..## #_.........▓
#_.....)._.▓ #_......._#▓


You could see an eye of devastation and a friendly spellforged servitor.

Vanquished Creatures
  Mennas (D)
  An ancient lich (D)
  the Lernaean hydra (D)
  A lich (D)
  Ilsuiw (D)
  2 death cobs (D)
  An iron dragon (D)
  A lorocyproca (D)
  A green death (D)
  A deep elf death mage (D)
  A catoblepas (D)
  A merfolk impaler (D)
  Erolcha (D)
  2 merfolk avatars (D)
  A death knight (D)
  An iron elemental (D)
  A merfolk aquamancer (D)
  5 two-headed ogres (D)
  2 dancing weapons (D)
  8 vampire magi (D)
  7 ogre magi (D)
  2 sun demons (D)
  A soul eater (D)
  3 iron trolls (D)
  3 orb spiders (D)
  A deep elf mage (D)
  2 manticores (D)
  A rust devil (D)
  A water nymph (D)
  A black mamba (D)
  An eye of devastation (D)
  2 naga magi (D)
  A merfolk siren (D)
  A rime drake (D)
  A komodo dragon (D)
  2 jumping spiders (D)
  A snapping turtle (D)
  A tarantella (D)
  Sigmund (D)
  A water elemental (D)
  3 fire bats (D)
  A fire elemental (D)
  3 steam dragons (D)
  A water moccasin (D)
  3 hell hounds (D)
  3 sky beasts (D)
  3 ogres (D)
  A centaur (D)
  2 bullfrogs (D)
  7 earth elementals (D)
  3 scorpions (D)
  6 killer bees (D)
  A crimson imp (D)
  Jessica (D)
  Terence (D)
  A hell rat (D)
  2 lightning spires (D)
  2 adders (D)
  A shadow imp (D)
  A dart slug (D)
  A leopard gecko (D)
  An orc (D)
  A ball python (D)
  A bat (D)
  A crawling corpse (D)
119 creatures vanquished.

Vanquished Creatures (collateral kills)
  Geryon (D)
  Nellie (D)
  2 liches (D)
  A death cob (D)
  3 reapers (D)
  4 stone giants (D)
  2 deep elf death magi (D)
  3 death oozes (D)
  4 ogre magi (D)
  15 dancing weapons (D)
  A vampire mage (D)
  An orc high priest (D)
  A hell knight (D)
  A sun demon (D)
  2 iron trolls (D)
  5 orc knights (D)
  11 orb spiders (D)
  A necromancer (D)
  2 deep elf magi (D)
  6 naga magi (D)
  A hell hound (D)
  2 floating eyes (D)
  A crawling corpse (D)
71 creatures vanquished.

Vanquished Creatures (others)
  A deep elf elementalist (D)
1 creature vanquished.

Grand Total: 191 creatures vanquished

Notes
Turn   | Place    | Note
-------+----------+-------------------------------------------
     0 | D        | Ponchio the Deep Elf Earth Elementalist began the quest for
                  | the Orb.
     0 | D        | Reached XP level 1. HP: 10/10 MP: 6/6
     4 | D        | Found a shimmering blue altar of Sif Muna.
     4 | D        | Found a roughly hewn altar of Beogh.
     5 | D        | Found an ornate altar of the Wu Jian Council.
     5 | D        | Found a radiant altar of Vehumet.
     5 | D        | Round 1.
     6 | D        | Found a viscous altar of Jiyva.
     6 | D        | Found a corrupted altar of Lugonu.
     7 | D        | Found Linieriw's Distillery.
     7 | D        | Found a blossoming altar of Fedhas.
     7 | D        | Found an ancient bone altar of Kikubaaqudgha.
     7 | D        | Found Vinos's Do-It-Yourself Clinic.
     8 | D        | Found Xyniphuw's Distillery.
     8 | D        | Found Uddamos's Bottled Wisdom.
     9 | D        | Found a snail-covered altar of Cheibriados.
    10 | D        | Found an opulent altar of Gozag.
    10 | D        | Found a stormy altar of Qazlal.
    10 | D        | Found Huocsuac's Staff Store.
    10 | D        | Found Himit's Magic Scroll Shop.
    11 | D        | Found Faeduq's Must-Have Magic.
    11 | D        | Found Inapaest's Magic Scroll Shop.
    16 | D        | Became a worshipper of Vehumet
    30 | D        | Found a hide-covered altar of Uskayaw.
    31 | D        | Found a glowing silver altar of Zin.
    32 | D        | Found a basalt altar of Yredelemnul.
    33 | D        | Found Doqois's Delicious Food.
    34 | D        | Found Zukhaock's Jewellery.
    34 | D        | Found Waloops's Advanced Armour.
    34 | D        | Found a shimmering altar of Xom.
    34 | D        | Found a shadowy altar of Dithmenos.
    34 | D        | Found Cinit's Identification Station.
    38 | D        | Found a bloodstained altar of Trog.
    39 | D        | Found an iron altar of Okawaru.
    40 | D        | Found a sacrificial altar of Ru.
    41 | D        | Found Fimiubaf's Premium Goods.
    42 | D        | Found a glowing golden altar of the Shining One.
    42 | D        | Found a burning altar of Makhleb.
    42 | D        | Found Jaimpo's Weapon Rack.
    42 | D        | Found Faegack's Miscellaneous Merchandise.
    42 | D        | Found Facodoluw's Basic Armour.
    53 | D        | Noticed Jessica
    57 | D        | Killed Jessica
    57 | D        | Reached * piety under Vehumet
    57 | D        | Offered knowledge of Magic Dart by Vehumet.
    57 | D        | Reached skill level 5 in Spellcasting
    57 | D        | Reached XP level 2. HP: 15/15 MP: 6/10
    57 | D        | Reached XP level 3. HP: 19/19 MP: 6/11
    91 | D        | Noticed Sigmund
    99 | D        | Killed Sigmund
    99 | D        | Reached skill level 10 in Earth Magic
    99 | D        | Reached XP level 4. HP: 13/24 MP: 8/16
    99 | D        | Reached XP level 5. HP: 15/28 MP: 9/18
   100 | D        | Noticed Terence
   105 | D        | Killed Terence
   106 | D        | Reached ** piety under Vehumet
   106 | D        | Arena points: 14 (+14) [x2]
   183 | D        | Round 2.
   191 | D        | Offered knowledge of Throw Frost by Vehumet.
   203 | D        | Learned a level 2 spell: Passwall
   207 | D        | Learned a level 3 spell: Stone Arrow
   212 | D        | Learned a level 4 spell: Petrify
   218 | D        | Learned a level 5 spell: Lee's Rapid Deconstruction
   302 | D        | Reached *** piety under Vehumet
   302 | D        | Reached skill level 10 in Spellcasting
   302 | D        | Reached XP level 6. HP: 32/32 MP: 15/21
   312 | D        | Arena points: 56 (+42) [x3]
   386 | D        | Round 3.
   404 | D        | Offered knowledge of Ignite Poison by Vehumet.
   420 | D        | Noticed a jumping spider
   422 | D        | Killed a jumping spider
   422 | D        | Reached **** piety under Vehumet
   422 | D        | Reached skill level 15 in Spellcasting
   422 | D        | Reached XP level 7. HP: 32/36 MP: 14/27
   422 | D        | Noticed a jumping spider
   436 | D        | Killed a jumping spider
   489 | D        | Noticed a tarantella
   493 | D        | Killed a tarantella
   493 | D        | Arena points: 140 (+84) [x4]
   493 | D        | Reached XP level 8. HP: 41/41 MP: 15/30
   546 | D        | Round 4.
   554 | D        | Offered knowledge of Throw Icicle by Vehumet.
   568 | D        | Reached ***** piety under Vehumet
   648 | D        | Arena points: 280 (+140) [x5]
   669 | D        | Bought a book of the Earth for 455 gold pieces
   676 | D        | Learned a level 6 spell: Iron Shot
   683 | D        | Learned a level 6 spell: Statue Form
   707 | D        | Round 5.
   711 | D        | Noticed the 27-headed Lernaean hydra
   722 | D        | Killed the 27-headed Lernaean hydra
   722 | D        | Offered knowledge of Conjure Flame by Vehumet.
   722 | D        | Arena points: 560 (+280) [x7]
   722 | D        | Reached XP level 9. HP: 45/45 MP: 26/34
   722 | D        | Reached XP level 10. HP: 50/50 MP: 26/35
   723 | D        | Got a decaying rune of Zot
   724 | D        | Reached skill level 5 in Conjurations
   724 | D        | Reached XP level 11. HP: 54/54 MP: 27/36
   919 | D        | Round 6.
   920 | D        | Noticed a catoblepas
   925 | D        | Killed a catoblepas
   925 | D        | Offered knowledge of Olgreb's Toxic Radiance by Vehumet.
  1015 | D        | Arena points: 944 (+384) [x8]
  1081 | D        | Round 7.
  1133 | D        | HP: 2/54 [fire bat (9)]
  1135 | D        | Offered knowledge of Iskenderun's Battlesphere by Vehumet.
  1143 | D        | Learned a level 5 spell: Iskenderun's Battlesphere
  1148 | D        | Noticed a sun demon
  1152 | D        | Killed a sun demon
  1152 | D        | Reached ****** piety under Vehumet
  1178 | D        | Offered knowledge of Venom Bolt by Vehumet.
  1178 | D        | Arena points: 1511 (+567) [x9]
  1187 | D        | Bought an uncursed staff of earth for 750 gold pieces
  1198 | D        | Learned a level 9 spell: Shatter
  1214 | D        | Bought a steaming ivory amulet for 45 gold pieces
  1214 | D        | Bought a coiled brass ring for 45 gold pieces
  1214 | D        | Bought a shimmering granite ring for 45 gold pieces
  1214 | D        | Identified the amulet "Xuik" {Reflect +Blink MR+ Str+7
                  | Int-3 SH+3} (You bought it in a shop in the Dungeon)
  1215 | D        | Identified the ring "Denwufo" {rN+ Int+4 Dex+4} (You bought
                  | it in a shop in the Dungeon)
  1216 | D        | Identified the ring of Morehy {*Drain rF+ MP+9 EV+1} (You
                  | bought it in a shop in the Dungeon)
  1217 | D        | Bought a sparkling ruby amulet for 45 gold pieces
  1218 | D        | Identified the amulet "Coelog" {Acrobat rPois rF+ Int+2}
                  | (You bought it in a shop in the Dungeon)
  1221 | D        | Bought 2 rations for 40 gold pieces
  1234 | D        | Round 8.
  1250 | D        | Reached skill level 1 in Fighting
  1291 | D        | Arena points: 2231 (+720) [x10]
  1312 | D        | Bought 4 potions of curing for 84 gold pieces
  1319 | D        | Bought 6 potions of magic for 336 gold pieces
  1333 | D        | Round 9.
  1344 | D        | Noticed Erolcha
  1349 | D        | Paralysed by Erolcha for 3 turns
  1355 | D        | Killed Erolcha
  1355 | D        | Reached skill level 5 in Dodging
  1359 | D        | Noticed a two-headed ogre
  1365 | D        | Killed a two-headed ogre
  1365 | D        | Reached skill level 5 in Fighting
  1375 | D        | Noticed a two-headed ogre
  1378 | D        | Killed a two-headed ogre
  1381 | D        | Noticed a two-headed ogre
  1383 | D        | Killed a two-headed ogre
  1383 | D        | Offered knowledge of Ozocubu's Refrigeration by Vehumet.
  1383 | D        | Reached XP level 12. HP: 64/72 MP: 21/38
  1383 | D        | Noticed a two-headed ogre
  1391 | D        | Killed a two-headed ogre
  1395 | D        | Noticed a two-headed ogre
  1397 | D        | Killed a two-headed ogre
  1434 | D        | Arena points: 3221 (+990) [x11]
  1455 | D        | Round 10.
  1459 | D        | Noticed Ilsuiw
  1472 | D        | Killed Ilsuiw
  1472 | D        | Arena points: 4521 (+1300) [x13]
  1472 | D        | Reached skill level 10 in Fighting
  1472 | D        | Reached skill level 10 in Dodging
  1475 | D        | Got a warped silver ring
  1475 | D        | Got a barnacled rune of Zot
  1492 | D        | Bought a book of Annihilations for 772 gold pieces
  1501 | D        | Learned a level 8 spell: Lehudib's Crystal Spear
  1518 | D        | Reached XP level 13. HP: 82/82 MP: 37/39
  1525 | D        | Identified the ring of the Scarab {Fire Str+3 Int+3} (You
                  | found it in the Dungeon)
  1530 | D        | Bought a vibrating garnet amulet for 45 gold pieces
  1530 | D        | Bought a heavily runed diamond amulet for 45 gold pieces
  1531 | D        | Identified the amulet of Xom's Amusement {+Rage rPois rF+
                  | rC+} (You bought it in a shop in the Dungeon)
  1533 | D        | Identified the amulet "Lenucene" {Inacc Dex+2} (You bought
                  | it in a shop in the Dungeon)
  1696 | D        | Round 11.
  1736 | D        | Reached skill level 10 in Conjurations
  1752 | D        | Offered knowledge of Bolt of Fire by Vehumet.
  1758 | D        | Arena points: 6061 (+1540) [x14]
  1775 | D        | Bought a scorched cloak for 332 gold pieces
  1775 | D        | Bought a jewelled hat for 315 gold pieces
  1780 | D        | Identified the +1 cloak of Ytageol {Dex+3} (You bought it
                  | in a shop in the Dungeon)
  1785 | D        | Identified the +4 hat of Jigsaw {+Blink Str-5 Stlth+} (You
                  | bought it in a shop in the Dungeon)
  1785 | D        | Lost strength.
  1790 | D        | Round 12.
  1790 | D        | Noticed a merfolk impaler
  1795 | D        | Killed a merfolk impaler
  1806 | D        | Reached skill level 15 in Conjurations
  1825 | D        | Arena points: 8221 (+2160) [x15]
  1835 | D        | Round 13.
  1875 | D        | Offered knowledge of Spellforged Servitor by Vehumet.
  1884 | D        | Bought 5 scrolls of amnesia for 175 gold pieces
  1907 | D        | Noticed an iron dragon
  1911 | D        | Killed an iron dragon
  1931 | D        | Arena points: 10717 (+2496) [x16]
  1961 | D        | Round 14.
  1965 | D        | Learned a level 7 spell: Spellforged Servitor
  1988 | D        | Offered knowledge of Freezing Cloud by Vehumet.
  2004 | D        | Reached skill level 5 in Summonings
  2010 | D        | Reached XP level 14. HP: 88/88 MP: 30/40
  2062 | D        | Reached skill level 10 in Summonings
  2079 | D        | Arena points: 14049 (+3332) [x17]
  2093 | D        | Bought 6 potions of magic for 336 gold pieces
  2117 | D        | Bought a scorched buckler for 332 gold pieces
  2117 | D        | Bought an ichor-stained cloak for 332 gold pieces
  2117 | D        | Bought a scorched buckler for 332 gold pieces
  2117 | D        | Bought a heavily runed helmet for 332 gold pieces
  2121 | D        | Round 15.
  2128 | D        | Noticed a deep elf elementalist
  2144 | D        | Killed a deep elf elementalist
  2144 | D        | Arena points: 17184 (+3135) [x19]
  2147 | D        | Got an elven rune of Zot
  2157 | D        | Identified the +2 helmet "Vyociov" {rN+} (You bought it in
                  | a shop in the Dungeon)
  2167 | D        | Identified the +2 cloak "Zezunuigu" {Str+3} (You bought it
                  | in a shop in the Dungeon)
  2184 | D        | Identified the +0 buckler of the Lotus Blossom {-Cast
                  | *Corrode +Inv rN+++} (You bought it in a shop in the
                  | Dungeon)
  2194 | D        | Identified the +2 buckler "Ymu Zaf" {SInv} (You bought it
                  | in a shop in the Dungeon)
  2199 | D        | Bought a warped shield for 332 gold pieces
  2211 | D        | Identified the +0 shield of Valiance {rF++ MR+ Int+3 Dex-4}
                  | (You bought it in a shop in the Dungeon)
  2305 | D        | Reached XP level 15. HP: 59/92 MP: 41/41
  2306 | D        | Round 16.
  2335 | D        | Offered knowledge of Tornado by Vehumet.
  2335 | D        | Offered knowledge of Ignition by Vehumet.
  2360 | D        | Reached skill level 15 in Summonings
  2422 | D        | Arena points: 17424 (+240) [x1]
  2432 | D        | Round 17.
  2439 | D        | Noticed a lich
  2443 | D        | Killed a lich
  2443 | D        | Noticed a lich
  2446 | D        | Killed a lich
  2476 | D        | Noticed an ancient lich
  2480 | D        | Killed an ancient lich
  2500 | D        | Noticed a lich
  2507 | D        | Killed a lich
  2507 | D        | Reached skill level 5 in Shields
  2514 | D        | Paralysed by an ogre mage for 2 turns
  2565 | D        | Arena points: 17900 (+476) [x2]
  2612 | D        | Round 18.
  2615 | D        | Noticed a death cob
  2617 | D        | Killed a death cob
  2628 | D        | Noticed a death cob
  2630 | D        | Killed a death cob
  2648 | D        | Noticed a death cob
  2651 | D        | Killed a death cob
  2654 | D        | Arena points: 18548 (+648) [x3]
  2732 | D        | Round 19.
  2791 | D        | Reached XP level 16. HP: 94/97 MP: 42/42
  2821 | D        | Reached skill level 10 in Staves
  2830 | D        | Arena points: 19688 (+1140) [x4]
  2869 | D        | Round 20.
  2872 | D        | Noticed Mennas
  2887 | D        | Killed Mennas
  2887 | D        | Arena points: 21128 (+1440) [x6]
  2890 | D        | Got a fine ruby amulet
  2890 | D        | Got a silver rune of Zot
  3082 | D        | Round 21.
  3100 | D        | Reached skill level 10 in Shields
  3165 | D        | Arena points: 23774 (+2646) [x7]
  3214 | D        | Round 22.
  3233 | D        | Bought 6 potions of magic for 336 gold pieces
  3233 | D        | Bought 6 potions of magic for 336 gold pieces
  3233 | D        | Bought 5 potions of haste for 350 gold pieces
  3302 | D        | Noticed Nellie
  3312 | D        | Killed Nellie
  3313 | D        | Reached XP level 17. HP: 102/102 MP: 0/43
  3319 | D        | Noticed Geryon
  3346 | D        | Killed Geryon
  3346 | D        | Arena points: 26238 (+2464) [x8]
  3361 | D        | Bought a potion of curing for 21 gold pieces
  3361 | D        | Bought 4 potions of haste for 280 gold pieces
  3371 | D        | Bought 4 potions of curing for 84 gold pieces
  3371 | D        | Bought 3 potions of heal wounds for 105 gold pieces
  3371 | D        | Bought 3 potions of heal wounds for 105 gold pieces
  3385 | D        | Round 23.
  3401 | D        | Bought a quad damage for 400 gold pieces
  3401 | D        | Bought a quad damage for 400 gold pieces
  3401 | D        | Bought a quad damage for 400 gold pieces
  3409 | D        | Blown up by an eye of devastation

Levels and vault maps discovered:
D:        arena_sprint

Skill      XL: |  1  2  3  4  5  6  7  8  9 10 11 12 13 14 15 16 17 |
---------------+----------------------------------------------------+-----
Earth Magic    | 6 10 11 12 18 20 | 20.2
Spellcasting   | 5 8 10 15 16 19 20 | 20.6
Conjurations   | 5 7 18 19 | 19.6
Fighting       | 7 10 | 10.2
Dodging        | 8 10 14 | 14.8
Summonings     | 5 12 20 | 20.1
Shields        | 3 9 13 14 | 14.2
Staves         | 9 14 | 14.8
Stealth        | |  2.4
Transmutations | |  1.1

Action                   |  1- 3 |  4- 6 |  7- 9 | 10-12 | 13-15 | 16-18 || total
-------------------------+-------+-------+-------+-------+-------+-------++-------
Melee: Staff             |       |       |       |    23 |    33 |    15 ||    71
 Cast: Sandblast         |     5 |    13 |     2 |    10 |       |       ||    30
       Lee's Rapid Decon |       |     7 |    13 |    13 |    19 |       ||    52
       Iron Shot         |       |       |     4 |    26 |    53 |     7 ||    90
       Statue Form       |       |       |     1 |     6 |    12 |     5 ||    24
       Stone Arrow       |       |       |       |     4 |     7 |       ||    11
       Iskenderun's Batt |       |       |       |     1 |       |       ||     1
       Spellforged Servi |       |       |       |       |    19 |    12 ||    31
       Lehudib's Crystal |       |       |       |       |     9 |    10 ||    19
       Shatter           |       |       |       |       |       |     5 ||     5
  Use: Potion            |     1 |     1 |     3 |     5 |    12 |     7 ||    29
       Scroll            |       |       |     1 |     1 |     5 |     2 ||     9
  Eat: Chunk             |       |       |       |     3 |     4 |       ||     7
       Ration            |       |       |       |     1 |     1 |     1 ||     3
Armor: Robe              |       |       |     3 |       |     5 |     1 ||     9
       Skin              |       |       |       |    19 |    35 |    53 ||   107
Dodge: Dodged            |       |     2 |     3 |    30 |    99 |   104 ||   238
Block: Buckler           |       |       |       |       |    13 |       ||    13
       Shield            |       |       |       |       |       |    78 ||    78
